 Dungeon Crawl Stone Soup version 0.19.4 (webtiles) character file.

685 Jerry the Chopper (level 7, 0/52 HPs)
             Began as a Formicid Fighter on Feb 5, 2017.
             Killed from afar by an orc wizard (1 damage)
             ... with a magic dart
             ... on level 4 of the Dungeon.
             The game lasted 00:06:46 (4176 turns).

Jerry the Chopper (Formicid Fighter)                Turns: 4176, Time: 00:06:46

Health: 0/52       AC:  7    Str: 20    XL:     7   Next: 93%
Magic:  7/7        EV:  9    Int: 10    God:
Gold:   173        SH:  5    Dex: 10    Spells: 0 memorised, 6 levels left

rFire  . . .     SeeInvis +     a - +0 war axe
rCold  + . .     Gourm    .     l - +0 scale mail (curse)
rNeg   . . .     Faith    .     s - +0 buckler
rPois  .         Spirit   .     (helmet unavailable)
rElec  .         Reflect  .     (no cloak)
rCorr  .         Harm     .     (no gloves)
MR     .....                    (no boots)
Stlth  ..........               (no amulet)
                                (no ring)
                                t - ring of protection from cold

@: lethally poisoned (0 -> -45)
A: permanent stasis, dig shafts and tunnels, four strong arms, antennae 3
a: Dig, Shaft Self


You were on level 4 of the Dungeon.
You were hungry.

You visited 1 branch of the dungeon, and saw 4 of its levels.
You also visited: Sewer.

You collected 173 gold pieces.

Inventory:

Hand Weapons
 a - a +0 war axe (weapon)
Armour
 b - a +0 scale mail
 c - a +0 shield
 l - a cursed +0 scale mail (worn)
 s - a +0 buckler (worn)
Jewellery
 t - a ring of protection from cold (left hand)
Wands
 v - a wand of iceblast (10/15)
Scrolls
 d - 2 scrolls of magic mapping {unknown}
 e - 7 scrolls of identify {unknown}
 i - 2 scrolls of fear {unknown}
 n - a scroll of random uselessness {unknown}
 o - 2 scrolls of enchant armour {unknown}
 p - 3 scrolls of blinking {unknown}
 q - 7 scrolls of teleportation {unknown}
 r - a scroll of noise {unknown}
 u - a scroll of enchant weapon {unknown}
 x - a scroll of recharging {unknown}
 y - 3 scrolls of fog {unknown}
 z - 2 scrolls of amnesia {unknown}
Potions
 j - a potion of curing {unknown}
 k - 2 potions of lignification
 m - 2 potions of brilliance {unknown}
 w - a potion of ambrosia {unknown}
 A - 2 potions of haste {unknown}
 B - 3 potions of magic {unknown}
 C - a potion of might
 D - a potion of cure mutation {unknown}
Comestibles
 f - 3 bread rations
 g - 2 meat rations
 h - a fruit


   Skills:
 - Level 3.2 Fighting
 * Level 6.0 Axes
 + Level 5.4 Armour
 + Level 6.0 Shields


You had 6 spell levels left.
You didn't know any spells.

Dungeon Overview and Level Annotations

Branches:
Dungeon (4/15)
 Temple: D:4-7

Altars:
Dithmenos
Fedhas

Shops:
D:4 [


Innate Abilities, Weirdness & Mutations

You are under a permanent stasis effect.
You can dig through walls and to a lower floor.
Your four strong arms can wield two-handed weapons with a shield.
You have a pair of large antennae on your head. (SInv)


Message History

The orc wizard closely misses you.
You closely miss the orc wizard.
The orc wizard is severely wounded.
* * * LOW HITPOINT WARNING * * *
You feel very sick.
The orc wizard hits you but does no damage.
You are more poisoned.
Your scale mail prevents you from hitting the orc wizard.
The orc wizard is severely wounded.
* * * LOW HITPOINT WARNING * * *
You feel very sick.
The orc wizard hits you but does no damage.
You are more poisoned.
You closely miss the orc wizard.
The orc wizard is severely wounded.
* * * LOW HITPOINT WARNING * * *
You feel very sick.
The orc wizard gestures at you while chanting.
The magic dart hits you!
You die...

### #... ..#
#.#.###.#######
#......o)......
##.... #@# .
... #.# #.#.#
#.# #.#.###.#
#.......#
###.##### #.#
#.# #.########


You could see an orc wizard (invisible).

Vanquished Creatures
  The ghost of Elizilla the Ruffian, an amateur TrMo (D:3)
  2 bullfrogs (Sewer)
  An orc wizard (D:4)
  A worker ant (D:3)
  11 adders
  5 river rats
  2 oozes
  5 worms
  2 dart slugs
  4 leopard geckos
  4 orcs
  3 giant cockroaches
  6 goblins
  4 hobgoblins
  A quokka (D:3)
  13 ball pythons
  6 bats
  7 frilled lizards
  7 kobolds
  39 rats
124 creatures vanquished.

Notes
Turn   | Place    | Note
-------+----------+-------------------------------------------
     0 | D:1      | Jerry the Formicid Fighter began the quest for the Orb.
     0 | D:1      | Reached XP level 1. HP: 18/18 MP: 1/1
    34 | D:1      | Reached XP level 2. HP: 4/24 MP: 2/2
  1027 | D:2      | Reached XP level 3. HP: 26/29 MP: 3/3
  1149 | D:2      | Found a blossoming altar of Fedhas.
  1556 | D:2      | Reached XP level 4. HP: 28/35 MP: 4/4
  1929 | D:3      | Noticed Elizilla's ghost (amateur TrMo)
  1950 | D:3      | Killed Elizilla's ghost
  1950 | D:3      | Reached skill level 5 in Axes
  1950 | D:3      | Reached skill level 5 in Shields
  1950 | D:3      | Reached XP level 5. HP: 11/41 MP: 5/5
  1950 | D:3      | Reached XP level 6. HP: 13/47 MP: 6/6
  2197 | D:3      | Found a shadowy altar of Dithmenos.
  2607 | D:3      | Reached XP level 7. HP: 44/52 MP: 7/7
  3064 | D:4      | Found Miaroj's Antique Armour Shop.
  3267 | D:4      | Found a glowing drain.
  3279 | Sewer    | Entered a sewer
  3365 | Sewer    | Reached skill level 5 in Armour
  4176 | D:4      | HP: 1/52 [poisoned by an orc wizard]
  4176 | D:4      | Killed from afar by an orc wizard

Skill      XL: |  1  2  3  4  5  6  7 |
---------------+----------------------+-----
Axes           | 3 5 6 |  6.0
Shields        | 4 5 6 |  6.0
Armour         | 4 5 |  5.4
Fighting       | |  3.2

Action                   |  1- 3 |  4- 6 |  7- 9 || total
-------------------------+-------+-------+-------++-------
Melee: War axe           |   107 |    68 |   138 ||   313
  Use: Potion            |       |     1 |     5 ||     6
  Eat: Chunk             |     2 |     4 |     4 ||    10
Armor: Scale mail        |    52 |    26 |    77 ||   155
       Skin              |       |       |    20 ||    20
Dodge: Dodged            |    43 |    24 |    80 ||   147
Block: Shield            |    63 |     5 |       ||    68
       Buckler           |       |    13 |    37 ||    50
